 Dungeon Sprint DCSS version 0.27.1-1-g398f81649c (webtiles) character file.

Game seed: 8448976594850056364

48 boopmooplesden the Carver (level 6, -11/99 HPs)
             Began as a Minotaur Berserker on Sept 21, 2021.
             Was an Elder of Trog.
             Mangled by a red devil (16 damage)
             ... in the Dungeon (Sprint VI: "Thunderdome").
             The game lasted 00:02:31 (349 turns).

boopmooplesden the Carver (Minotaur Berserker)       Turns: 349, Time: 00:02:31

Health: -11/99     AC:  4    Str: 21    XL:     6   Next: 56%
Magic:  5/5        EV: 16    Int:  7    God:    Trog [****..]
Gold:   37         SH:  5    Dex: 20    Spells: 5/5 levels left

rFire    x . .     SeeInvis +   a - +0 falchion
rCold    + . .     Faith    .   (no shield)
rNeg     + + .     Spirit   .   b - +0 animal skin
rPois    .         Reflect  +   (helmet restricted)
rElec    .         Harm     .   n - +0 cloak
rCorr    .         Rampage  .   m - +0 pair of gloves
Will     +....     NoTele   +   (no boots)
Stlth    ..........             o - amulet "Saykoy" {Reflect rF- Will+ Int+2 Dex+7 SH+5}
HPRegen  0.26/turn              p - ring "Tuvinouw" {rN+ Dex+2}
MPRegen  0.09/turn              q - ring "Gadakh" {*Slow rC+ rN+ Slay+2 SInv}

@: berserking (expiring), slowed
A: horns 2, retaliatory headbutt
a: Renounce Religion, Berserk, Trog's Hand, Brothers in Arms


You were in the Dungeon.
You worshipped Trog.
Trog was greatly pleased with you.
You visited 1 branch You collected 280 gold pieces.
You spent 243 gold pieces at shops.

Inventory:

Hand Weapons
 a - a +0 falchion (weapon)
Armour
 b - a +0 animal skin (worn)
 m - a +0 pair of gloves (worn)
 n - a +0 cloak (worn)
Jewellery
 o - the amulet "Saykoy" (around neck) {Reflect rF- Will+ Int+2 Dex+7 SH+5}
   (You bought it in a shop in the Dungeon)

   [amulet of reflection]

   It reflects blocked missile attacks.
   Int:       It affects your intelligence (+2).
   Dex:       It affects your dexterity (+7).
   rF:        It makes you vulnerable to fire.
   SH:        It affects your SH (+5).
   Will:      It increases your willpower.
 p - the ring "Tuvinouw" (left hand) {rN+ Dex+2}
   (You bought it in a shop in the Dungeon)

   [ring of positive energy]

   Dex:       It affects your dexterity (+2).
   rN:        It protects you from negative energy.
 q - the ring "Gadakh" (right hand) {*Slow rC+ rN+ Slay+2 SInv}
   (You bought it in a shop in the Dungeon)

   [ring of positive energy]

   Slay:      It affects your accuracy & damage with ranged weapons and melee
   (+2).
   rC:        It protects you from cold.
   rN:        It protects you from negative energy.
   SInv:      It lets you see invisible.
   *Slow:     It may slow you when you take damage.
Wands
 j - a wand of acid (5)
 k - a wand of iceblast (5)
Scrolls
 h - 4 scrolls of blinking
 l - 3 scrolls of fog
Potions
 c - a potion of curing
 d - 3 potions of heal wounds
 e - 4 potions of haste
 f - 2 potions of magic
 g - a potion of berserk rage
 i - a potion of resistance


   Skills:
 + Level 10.2 Fighting
 + Level 11.5 Long Blades
 + Level 5.4 Armour
 + Level 6.7 Dodging


You had 5 spell levels left.
You didn't know any spells.
Your spell library was empty.

Dungeon Overview and Level Annotations

Branches:
Dungeon (1/1)

Altars:
Cheibriados
Dithmenos
Fedhas
Gozag
Kikubaaqudgha
Makhleb
Okawaru
Qazlal
Ru
Sif Muna
Trog
Uskayaw
Vehumet
Wu Jian
Xom
Yredelemnul
Zin
The Shining One
Beogh
Jiyva
Lugonu

Shops:
D *[??*?*:[((!!!!


Innate Abilities, Weirdness & Mutations

You have a pair of horns on your head.
You reflexively headbutt those who attack you in melee.


Message History

You closely miss the hellwing. You headbutt the hellwing!
The hellwing is heavily wounded.
The hellwing hits you. The hellwing barely misses you.
You closely miss the hellwing. You headbutt the hellwing!
The hellwing is almost dead.
You block the red devil's attack. You block the hellwing's attack.
The hellwing hits you!
You feel as though you will be slow longer.
You closely miss the hellwing.
You headbutt the hellwing, but do no damage.
The hellwing is almost dead.
The red devil misses you. The hellwing closely misses you.
The hellwing hits you.
You completely miss the hellwing.
The hellwing is severely wounded.
The red devil barely misses you. The hellwing hits you!
* * * LOW HITPOINT WARNING * * *
You block the hellwing's attack.
You slash the hellwing! You headbutt the hellwing.
You kill the hellwing!
Trog accepts your kill.
The red devil hits you from afar with a +0 trident.
* * * LOW HITPOINT WARNING * * *
Your Fighting skill gained 2 levels and is now at level 10!
Your Long Blades skill gained 2 levels and is now at level 11!
Your Armour skill increases to level 5!
Your Dodging skill increases to level 6!
You have reached level 6!
Your experience leads to an increase in your attributes!
Your base attributes are Str 21, Int 4, Dex 11.
Increase (S)trength, (I)ntelligence, or (D)exterity?
You feel clever.
The red devil hits you with a +0 trident!
* * * LOW HITPOINT WARNING * * *
You slash the red devil! You headbutt the red devil.
The red devil is heavily wounded.
The red devil hops backward while attacking.
The red devil closely misses you.
The red devil hits you with a +0 trident!
You die...

#_........#
###.........###
#⌠...........⌠#
######.8.........8.###
##.___......###....).__
###∩...†....8.# #.8..)...
##.............###........
#⌠.......4..###...###.....
#⌠.......@..# #.<.# #.....
#⌠..........###...###.....
##.............###.....[..
###∩........8.# #.8......
##∩_._......###......__
######.8.........8.###
#⌠...........⌠#
###.........###
#_......._#


You could see a red devil.

Vanquished Creatures
  A hellwing (D)
  Purgy (D)
  Jessica (D)
  Terence (D)
  A hell rat (D)
  2 goblins (D)
  A hobgoblin (D)
  3 rats (D)
11 creatures vanquished.

Notes
Turn   | Place    | Note
-------+----------+-------------------------------------------
     0 | D        | boopmooplesden the Minotaur Berserker began the quest for
                  | the Orb.
     0 | D        | Reached XP level 1. HP: 19/19 MP: 0/0
     3 | D        | Found a sacrificial altar of Ru.
     3 | D        | Found a blossoming altar of Fedhas.
     4 | D        | Found an ancient bone altar of Kikubaaqudgha.
     4 | D        | Found an opulent altar of Gozag.
     5 | D        | Found a shimmering altar of Xom.
     5 | D        | Found a glowing golden altar of the Shining One.
     5 | D        | Round 1.
     6 | D        | Found Tekum's Do-It-Yourself Clinic.
     6 | D        | Found an ornate altar of the Wu Jian Council.
     6 | D        | Found a hide-covered altar of Uskayaw.
     6 | D        | Found Gerak's Distillery.
     7 | D        | Noticed Terence
     7 | D        | Found Doodev's Bottled Wisdom.
     7 | D        | Found Cilushri's Distillery.
    16 | D        | Killed Terence
    17 | D        | Reached skill level 5 in Fighting
    17 | D        | Reached skill level 5 in Long Blades
    17 | D        | Reached XP level 2. HP: 22/29 MP: 1/1
    18 | D        | Found a glowing silver altar of Zin.
    19 | D        | Found Sixuyrott's Weapon Rack.
    50 | D        | Found Tyucs's Basic Armour.
    50 | D        | Found Rieduc's Miscellaneous Merchandise.
    51 | D        | Found an iron altar of Okawaru.
    51 | D        | Found a bloodstained altar of Trog.
    51 | D        | Found Hixubb's Premium Goods.
    55 | D        | Found a basalt altar of Yredelemnul.
    67 | D        | Found a shadowy altar of Dithmenos.
    68 | D        | Found Zocoirel's Identification Station.
    69 | D        | Found Yren's Advanced Armour.
    69 | D        | Found Soerghae's Jewellery.
    70 | D        | Found a viscous altar of Jiyva.
    70 | D        | Found a corrupted altar of Lugonu.
    70 | D        | Found a stormy altar of Qazlal.
    75 | D        | Found a radiant altar of Vehumet.
    76 | D        | Found a snail-covered altar of Cheibriados.
    77 | D        | Found a burning altar of Makhleb.
    78 | D        | Found Jetwaeb's Magic Scroll Shop.
    79 | D        | Found a shimmering blue altar of Sif Muna.
    79 | D        | Found Qucilym's Staff Store.
    79 | D        | Found Muasiap's Magic Scroll Shop.
    79 | D        | Found Niesch's Must-Have Magic.
    79 | D        | Noticed Jessica
    87 | D        | Killed Jessica
    87 | D        | Reached ** piety under Trog
    88 | D        | Reached skill level 6 in Long Blades
    88 | D        | Reached XP level 3. HP: 29/38 MP: 2/2
   134 | D        | Arena points: 12 (+12) [x2]
   155 | D        | Bought a +0 pair of gloves for 54 gold pieces
   155 | D        | Bought a +0 cloak for 54 gold pieces
   181 | D        | Bought a coiled copper amulet for 45 gold pieces
   181 | D        | Identified the amulet "Saykoy" {Reflect rF- Will+ Int+2
                  | Dex+7 SH+5} (You bought it in a shop in the Dungeon)
   181 | D        | Bought a vibrating golden ring for 45 gold pieces
   181 | D        | Identified the ring "Tuvinouw" {rN+ Dex+2} (You bought it
                  | in a shop in the Dungeon)
   202 | D        | Round 2.
   212 | D        | Reached *** piety under Trog
   213 | D        | Reached skill level 7 in Long Blades
   213 | D        | Reached XP level 4. HP: 3/45 MP: 3/3
   238 | D        | Noticed Purgy
   249 | D        | Killed Purgy
   250 | D        | Reached skill level 9 in Long Blades
   250 | D        | Reached skill level 5 in Dodging
   250 | D        | Reached XP level 5. HP: 25/55 MP: 4/4
   286 | D        | Reached **** piety under Trog
   286 | D        | Arena points: 48 (+36) [x3]
   303 | D        | Bought a warped bone ring for 45 gold pieces
   303 | D        | Identified the ring "Gadakh" {*Slow rC+ rN+ Slay+2 SInv}
                  | (You bought it in a shop in the Dungeon)
   331 | D        | Round 3.
   334 | D        | Noticed a red devil
   337 | D        | Noticed a hellwing
   346 | D        | Killed a hellwing
   347 | D        | Reached skill level 10 in Fighting
   347 | D        | Reached skill level 11 in Long Blades
   347 | D        | Reached skill level 5 in Armour
   347 | D        | Reached XP level 6. HP: 21/66 MP: 5/5
   347 | D        | HP: 4/99 [red devil (17)]
   349 | D        | Mangled by a red devil

Illustrated notes

Levels and vault maps discovered:
D:        arena_sprint

Skill      XL: |  1  2  3  4  5 |
---------------+----------------+-----
Fighting       | 5 6 8 10 | 10.2
Long Blades    | 5 6 7 9 11 | 11.5
Armour         | 3 4 5 |  5.4
Dodging        | 3 5 6 |  6.7

Action                   |  1- 3 |  4- 6 || total
-------------------------+-------+-------++-------
Melee: Falchion          |    19 |    18 ||    37
       Headbutt          |     8 |    10 ||    18
Invok: Berserk           |     1 |     1 ||     2
  Use: Potion            |       |     1 ||     1
Armor: Animal skin       |     2 |     4 ||     6
Dodge: Dodged            |    11 |    18 ||    29
Block: Other             |       |     8 ||     8
       Rpst.: Falchion   |     2 |     2 ||     4
